 Dungeon Crawl Stone Soup version 0.27.1-33-g824d729ab1 (webtiles) character file.

Game seed: 2403830220806132631

242 pkoi the Conjurer (level 5, -13/38 HPs)
             Began as a Draconian Conjurer on Nov 30, 2021.
             Was a Follower of Vehumet.
             Mangled by a sickly merfolk siren (18 damage)
             ... in a sewer.
             The game lasted 00:03:44 (3959 turns).

pkoi the Conjurer (Draconian Conjurer)              Turns: 3959, Time: 00:03:44

Health: -13/38     AC:  5    Str:  9    XL:     5   Next: 81%
Magic:  7/10       EV: 12    Int: 19    God:    Vehumet [*.....]
Gold:   146        SH:  0    Dex: 10    Spells: 3/10 levels left

rFire    . . .     SeeInvis .   h - +2 hand axe (vorpal)
rCold    . . .     Faith    .   (no shield)
rNeg     . . .     Spirit   .   (armour unavailable)
rPois    .         Reflect  .   (helmet restricted)
rElec    .         Harm     .   (no cloak)
rCorr    .         Rampage  .   (no gloves)
Will     .....                  (no boots)
Stlth    ++........             (no amulet)
HPRegen  0.12/turn              (no ring)
MPRegen  0.12/turn              (no ring)

@: mesmerised
A: AC +5, unfitting armour, cold-blooded
a: Renounce Religion


You were in a sewer.
You worshipped Vehumet.
Vehumet was aware of your devotion.
You visited 1 branch of the dungeon, and saw 4 of its levels.
You also visited: Sewer.

You collected 146 gold pieces.

Inventory:

Hand Weapons
 h - a +2 vorpal hand axe (weapon)
Scrolls
 b - a scroll of fog {unknown}
 i - a scroll of identify
Potions
 a - a potion of attraction
 d - 2 potions of heal wounds {unknown}
 g - a potion of cancellation {unknown}


   Skills:
 - Level 1.7 Dodging
 - Level 1.7 Stealth
 + Level 3.3 Spellcasting
 * Level 5.9 Conjurations
 + Level 2.0 Hexes


You had 3 spell levels left.
You knew the following spells:

 Your Spells              Type           Power      Damage    Failure   Level
a - Magic Dart            Conj           100%       1d8       1%          1
b - Searing Ray           Conj           50%        3d5       1%          2
c - Dazzling Flash        Conj/Hex       36%        N/A       9%          3
d - Foxfire               Conj/Fire      56%        2x1d6     4%          1

Your spell library contained the following spells:

 Spells                   Type           Power      Damage    Failure   Level
 Slow                     Hex            10%        N/A       10%         2
 Confusing Touch          Hex            10%        N/A       19%         3
 Vampiric Draining        Necr           1%         2d6       41%         3
 Fulminant Prism          Conj/Hex       9%         3d7       28%         4
 Iskenderun's Mystic Bla  Conj/Tloc      14%        2d5       41%         4


Dungeon Overview and Level Annotations

Branches:
Dungeon (4/15)             Temple (0/1) D:4           Sewer (1/1)

Altars:
Uskayaw
Vehumet
Wu Jian


Innate Abilities, Weirdness & Mutations

Your plain brown scales are hard. (AC +5)
You cannot fit into any form of body armour.
You are cold-blooded and may be slowed by cold attacks.


Message History

The sickly merfolk siren hits you from afar with a +0 spear!
The rat closely misses you.
You barely miss the rat. x2
The sickly merfolk siren chants its luring song.
The rat misses you. The rat closely misses you.
The sickly merfolk siren barely misses you.
Unknown command.
You hit the rat.
You kill the rat!
Vehumet accepts your kill.
You hit the rat. The rat closely misses you.
The sickly merfolk siren hits you but does no damage.
Unknown command.
The rat splashes around in the water.
The sickly merfolk siren chants its luring song.
You see here a rat corpse.
Unknown command.
You hit the sickly merfolk siren.
Your tail-slap misses the sickly merfolk siren.
The sickly merfolk siren is heavily wounded.
You hit the rat.
You kill the rat!
Vehumet accepts your kill.
The sickly merfolk siren chants its luring song.
Your Hexes skill increases to level 2!
You hit the sickly merfolk siren.
The sickly merfolk siren is almost dead.
The sickly merfolk siren chants its luring song.
Unknown command.
You closely miss the sickly merfolk siren.
The sickly merfolk siren is almost dead.
The sickly merfolk siren hits you with a +0 spear!!
Ouch! That really hurt!
* * * LOW HITPOINT WARNING * * *
The sickly merfolk siren chants its luring song.
Unknown command.
You miss the sickly merfolk siren. You tail-slap the sickly merfolk siren.
The sickly merfolk siren is almost dead.
The sickly merfolk siren hits you with a +0 spear!!
You die...

###.≈≈≈###
...≈≈≈≈∩∩#
##########
≈≈≈≈≈≈≈##########
..≈≈≈≈≈≈≈≈≈†≈≈≈≈#
#############≈≈≈###
# #.#≈≈≈###≈##
#.##†m≈≈≈≈≈≈
#...@.†.≈≈†≈
#######...≈≈ ...≈ .


You could see a sickly merfolk siren (mesmerising).

Vanquished Creatures
  A hound (D:4)
  An iguana (D:4)
  5 adders
  7 gnolls
  2 river rats (Sewer)
  A worm (D:2)
  A dart slug (D:4)
  2 orcs (D:3)
  5 bats
  An endoplasm (D:2)
  4 giant cockroaches
  4 goblins
  3 hobgoblins
  A kobold (D:1)
  A quokka (Sewer)
  6 ball pythons
  3 frilled lizards
  17 rats
65 creatures vanquished.

Notes
Turn   | Place    | Note
-------+----------+-------------------------------------------
     0 | D:1      | pkoi the Draconian Conjurer began the quest for the Orb.
     0 | D:1      | Reached XP level 1. HP: 14/14 MP: 3/3
   406 | D:1      | Reached XP level 2. HP: 20/20 MP: 3/5
   495 | D:1      | Learned a level 2 spell: Searing Ray
   984 | D:2      | Reached XP level 3. HP: 24/26 MP: 0/6
  1043 | D:1      | Learned a level 3 spell: Dazzling Flash
  1336 | D:2      | Reached skill level 5 in Conjurations
  1627 | D:2      | Reached XP level 4. HP: 33/33 MP: 6/8
  1762 | D:2      | Found a faded altar of an unknown god.
  2107 | D:3      | Found a radiant altar of Vehumet.
  2107 | D:3      | Found a hide-covered altar of Uskayaw.
  2152 | D:3      | Became a worshipper of Vehumet
  2397 | D:3      | Reached skill level 1 in Hexes
  3031 | D:4      | Reached XP level 5. HP: 38/38 MP: 3/9
  3092 | D:4      | Found an ornate altar of the Wu Jian Council.
  3205 | D:4      | Found a glowing drain.
  3220 | Sewer    | Entered a sewer
  3715 | Sewer    | Reached * piety under Vehumet
  3715 | Sewer    | Offered knowledge of Foxfire by Vehumet.
  3718 | Sewer    | Learned a level 1 spell: Foxfire
  3959 | Sewer    | Mangled by a sickly merfolk siren

Illustrated notes

Levels and vault maps discovered:
D:1:      minmay_arrival_wavy_path, layout_rooms
D:2:      layout_rooms, hellmonk_ecumenical_altar_blasted
D:3:      layout_basic, minitemple
D:4:      layout_loops_corners, mainiacjoe_overflow_24_doors,
          minmay_temple_entry_waves, portal_sewer_entry_a
Sewer:    sewer_sea

Skill      XL: |  1  2  3  4  5 |
---------------+----------------+-----
Conjurations   | 5 |  5.9
Hexes          | 1 2 |  2.0
Spellcasting   | 3 |  3.3
Dodging        | |  1.7
Stealth        | |  1.7

Action                   |  1- 3 |  4- 6 || total
-------------------------+-------+-------++-------
Melee: Hand axe          |     8 |    33 ||    41
       Tailslap          |       |     2 ||     2
 Cast: Magic Dart        |    51 |    68 ||   119
       Searing Ray       |     1 |     5 ||     6
  Use: Scroll            |       |     5 ||     5
Armor: Skin              |     3 |    10 ||    13
Dodge: Dodged            |    11 |    28 ||    39
